 Dungeon Crawl Stone Soup version 0.31-a0-889-g1a8549509d (webtiles) character file.

Game seed: 11836136909977775582

18839 GigaChad the Cleaver (level 13, -9/80 HPs) *EXPLORE*
             Began as a Kobold Fighter on Oct 17, 2023.
             Was an Initiate of Gozag.
             Mangled by a skyshark (16 damage)
             ... summoned by an orange crystal statue
             ... on level 3 of the Lair of Beasts.
             The game lasted 00:20:50 (16289 turns).

GigaChad the Cleaver (Kobold Fighter)              Turns: 16289, Time: 00:20:52

Health: -9/80      AC: 13    Str: 18    XL:     13   Next: 0%
Magic:  13/13      EV:  8    Int:  9    God:    Gozag
Gold:   2113       SH: 10    Dex: 15    Spells: 12/12 levels left

rFire   . . .        a - +1 war axe (venom)
rCold   . . .        c - +0 kite shield
rNeg    . . .        b - +0 plate armour
rPois   .            (no helmet)
rElec   .            (no cloak)
rCorr   .            (no gloves)
SInv    .            (no boots)
Will    .....        (no amulet) Stlth
                     s - ring of flight
HPRegen 0.33/turn    (no ring)
MPRegen 0.13/turn

%: no passive effects
@: lethally poisoned (-9 -> -20), flying
A: small, no large weapons, nightstalker 3
a: Renounce Religion, Potion Petition, Call Merchant, Bribe Branch


You were on level 3 of the Lair of Beasts.
You worshipped Gozag.
Gozag was most pleased with you.
You visited 3 branches of the dungeon, and saw 14 of its levels.

You collected 2368 gold pieces.
You spent 153 gold pieces at shops.
You paid 102 gold pieces to Gozag.

Inventory:

Hand Weapons
 a - a +1 war axe of venom (weapon)
 B - a -2 hand cannon
 C - the +6 scimitar "Myisom" {holy, Str+3}
   (You found it on level 6 of the Dungeon)

   Str+3:     It affects your strength (+3).
 J - a +1 demon whip of venom
Missiles
 H - 3 throwing nets
Armour
 b - a +0 plate armour (worn)
 c - a +0 kite shield (worn)
Jewellery
 g - an amulet of faith
 p - a ring of wizardry
 q - a ring of fire
 s - a ring of flight (left hand)
 E - an amulet of guardian spirit
 P - a ring of see invisible
Talismans
 I - a serpent talisman
Wands
 k - a wand of flame (30)
 o - a wand of digging (3)
 D - a wand of acid (9)
 F - a wand of paralysis (11)
 K - a wand of polymorph (17)
Scrolls
 f - 3 scrolls of enchant armour
 i - 4 scrolls of fog
 m - 9 scrolls of teleportation
 v - 2 scrolls of blinking
 w - a scroll of silence {unknown}
 x - 3 scrolls of vulnerability
 y - a scroll of poison
 G - 2 scrolls of fear
 L - 5 scrolls of revelation {unknown}
 M - a scroll of identify
 N - 2 scrolls of amnesia {unknown}
 Q - a scroll of brand weapon
Potions
 d - 4 potions of might
 e - 6 potions of ambrosia
 h - a potion of mutation {unknown}
 j - a potion of enlightenment {unknown}
 l - a potion of berserk rage {unknown}
 n - a potion of invisibility {unknown}
 r - a potion of heal wounds {unknown}
 t - 3 potions of attraction {unknown}
 u - 4 potions of curing {unknown}
 z - a potion of cancellation {unknown}
 A - 3 potions of haste {unknown}
 O - 2 potions of resistance {unknown}


   Skills:
 + Level 9.5 Fighting
 + Level 11.2 Axes
 + Level 8.4 Armour
 + Level 4.7 Dodging
 + Level 4.0 Stealth
 + Level 7.7 Shields


You had 12 spell levels left.
You didn't know any spells.
Your spell library contained the following spells:

 Spells                   Type           Power      Damage    Failure   Level
 Cigotuvi's Dreadful Rot  Necr/Pois/Air  0%         N/A       100%        2
 Dazzling Flash           Conj/Hex       0%         N/A       100%        3
 Ignite Poison            Fire/Tmut/Pois 0%         N/A       100%        3
 Ozocubu's Armour         Ice            0%         N/A       100%        3
 Anguish                  Hex/Necr       0%         N/A       100%        4
 Cause Fear               Hex            0%         N/A       100%        4
 Agony                    Necr           0%         N/A       100%        5
 Freezing Cloud           Conj/Ice/Air   0%         6-21      100%        5
 Silence                  Hex/Air        0%         N/A       100%        5
 Enfeeble                 Hex            0%         N/A       100%        7
 Ozocubu's Refrigeration  Ice            0%         4d7       100%        7


Dungeon Overview and Level Annotations

Branches:
Dungeon (10/15)            Temple (1/1) D:7            Lair (3/5) D:10
 Shoals (0/4) Lair:2
  Snake: Lair:2-3    Spider: Lair:2-3       Orc: D:9-12

Altars:
Ashenzari
Cheibriados
Dithmenos
Elyvilon
Fedhas
Gozag
Hepliaklqana
Kikubaaqudgha
Makhleb
Nemelex Xobeh
Okawaru
Qazlal
Ru
Sif Muna
Trog
Uskayaw
Vehumet
Wu Jian
Xom
Yredelemnul
Zin
The Shining One

Shops:
D:5 *   D:6 *   D:9 [((   D:10 *

Annotations:
Lair:3 exclusion: orange crystal statue


Innate Abilities, Weirdness & Mutations

You are small and have problems with some larger weapons.
You are completely attuned to the shadows.


Message History

You slash the wyvern!
The wyvern is poisoned.
You hit the orange crystal statue but do no damage.
You hit the cane toad.
The cane toad is poisoned.
The wyvern misses you. The skyshark barely misses you.
You block the skyshark's attack. x2
The cane toad stings you!
You are poisoned.
The cane toad poisons you!
Unknown command.
You slash the skyshark!
The skyshark is heavily wounded.
You closely miss the cane toad. You miss the water moccasin.
You hit the wyvern.
The wyvern looks as sick as possible!
You hit the orange crystal statue.
You feel very sick. The wyvern bites you! The water moccasin barely misses you.
You block the cane toad's attack. The skyshark bites you.
The skyshark enters a blood-rage!
The skyshark tail-slaps you. The skyshark tail-slaps you!
* * * LOW HITPOINT WARNING * * *
The wyvern bites you!
* * * LOW HITPOINT WARNING * * *
You slash the skyshark!
The skyshark looks as sick as possible!
The skyshark is severely wounded.
You barely miss the orange crystal statue.
You hit the cane toad. You completely miss the water moccasin.
You hit the wyvern.
The wyvern looks as sick as possible!
* * * LOW HITPOINT WARNING * * *
You feel very sick. The water moccasin bites you.
* * * LOW HITPOINT WARNING * * *
The skyshark bites you but does no damage.
You block the skyshark's attack. x2
The wyvern bites you but does no damage.
The cane toad stings you but does no damage.
The water moccasin bites you but does no damage.
The orange crystal statue fixes its piercing gaze on you.
Something tries to feed on your intellect!
The skyshark bites you!
You die...
Your body crumbles into a pile of gold.

##≈≈≈#
#≈≈≈#
##≈≈≈#
#≈≈≈##
##≈≈≈#
###≈≈≈##
##≈≈≈≈≈#
##≈≈ll~##
#~~F@.##
#[}~S8#
#))..##
#=}.##
####


You could see a skyshark (summoned, berserk, extremely poisoned), an orange
crystal statue, a cane toad (summoned, very poisoned), a water moccasin
(summoned) and a wyvern (summoned, extremely poisoned).

Vanquished Creatures
  A two-headed ogre (D:10)
  Amaemon (D:9)
  2 harpies (Lair:2)
  A cyclops (D:9)
  2 black mambas (Lair:2)
  A cane toad (Lair:2)
  An orange demon (D:9)
  A rime drake (D:10)
  5 komodo dragons
  4 polar bears
  A queen bee (Lair:3)
  7 dream sheep (Lair:3)
  22 yaks
  3 wyverns
  4 basilisks
  A steam dragon (D:7)
  6 water moccasins
  5 ice beasts
  4 orc warriors
  A sky beast (D:7)
  15 wolves
  An ogre (D:7)
  A centaur (D:9)
  2 phantoms
  3 kobold brigands (D:9)
  Blork the orc (D:5)
  2 gnoll sergeants
  8 bullfrogs
  A scorpion (Lair:1)
  8 wights
  31 killer bees
  6 howler monkeys
  4 hounds
  5 orc priests
  A gnoll bouda (D:8)
  6 iguanas
  2 sleepcaps
  14 orc wizards
  12 gnolls
  6 adders
  A shadow imp (D:8)
  A white imp (D:5)
  6 dart slugs
  26 orcs
  4 bats
  4 endoplasms
  3 giant cockroaches
  5 goblins
  8 hobgoblins
  18 kobolds
  4 quokkas
  5 ball pythons
  2 frilled lizards
  5 rats
294 creatures vanquished.

Notes
Turn   | Place    | Note
-------+----------+-------------------------------------------
     0 | D:1      | GigaChad the Kobold Fighter began the quest for the Orb.
     0 | D:1      | Reached XP level 1. HP: 14/14 MP: 1/1
   207 | D:1      | Reached XP level 2. HP: 17/19 MP: 2/2
   453 | D:1      | Entered explore mode.
   573 | D:1      | Reached XP level 3. HP: 23/23 MP: 3/3
  1238 | D:2      | Identified the +0 leather armour of the King of the Hill
                  | {rPois Int+3 Slay+3}
  1713 | D:2      | Reached skill level 1 in Stealth
  1713 | D:2      | Reached XP level 4. HP: 21/28 MP: 4/4
  1829 | D:2      | Reached skill level 2 in Axes
  2113 | D:3      | Found a faded altar of an unknown god.
  2791 | D:4      | Slain by an orc wizard
                  | ... wielding a +0 dagger
                  | (3 damage)
  2792 | D:4      | Reached XP level 5. HP: 33/33 MP: 5/5
  2795 | D:4      | Reached skill level 1 in Dodging
  2826 | D:4      | Reached skill level 3 in Axes
  3082 | D:4      | HP: 1/33 [iguana (4)]
  3083 | D:4      | Mangled by an iguana (9 damage)
  3091 | D:4      | Reached XP level 6. HP: 15/38 MP: 6/6
  3458 | D:4      | Found a snail-covered altar of Cheibriados.
  3808 | D:5      | Entered Level 5 of the Dungeon
  3866 | D:5      | Noticed Blork the orc
  3878 | D:5      | Succumbed to Blork the orc's poison
  3879 | D:5      | Killed from afar by an orc wizard (8 damage)
                  | ... with a magic dart
  3883 | D:5      | Succumbed to Blork the orc's poison
  3886 | D:5      | Succumbed to Blork the orc's poison
  3891 | D:5      | Succumbed to Blork the orc's poison
  3894 | D:5      | Slain by Blork the orc
                  | ... wielding a +0 mace of venom
                  | (6 damage)
  3895 | D:5      | Killed Blork the orc
  4028 | D:5      | Reached XP level 7. HP: 43/43 MP: 7/7
  4177 | D:5      | Reached skill level 4 in Axes
  4249 | D:5      | Found Ceragamp's Mass Market.
  4744 | D:5      | Found Muukh's Magic Scroll Shop.
  5011 | D:6      | Identified the +6 scimitar "Myisom" {holy, Str+3}
  5082 | D:6      | Found an ancient bone altar of Kikubaaqudgha.
  5409 | D:6      | Noticed a water moccasin
  5420 | D:6      | Slain by a water moccasin (4 damage)
  5427 | D:6      | Killed a water moccasin
  5428 | D:6      | Reached XP level 8. HP: 36/48 MP: 8/8
  5823 | D:6      | Found Soiczilue's Lightly-Used Armoury.
  5828 | D:6      | Bought a -2 hand cannon for 1 gold piece
  5878 | D:6      | Reached skill level 5 in Axes
  6485 | D:7      | Reached skill level 5 in Fighting
  6776 | D:7      | Reached XP level 9. HP: 22/54 MP: 9/9
  6985 | D:7      | Reached skill level 6 in Axes
  7184 | D:7      | Slain by a wyvern (13 damage)
  7774 | D:7      | Found a staircase to the Ecumenical Temple.
  7902 | Temple   | Entered the Ecumenical Temple
  7918 | Temple   | Became a worshipper of Gozag Ym Sagoz the Greedy
  8497 | D:8      | Reached skill level 5 in Armour
  8793 | D:8      | Reached skill level 7 in Axes
  9821 | D:9      | Reached XP level 10. HP: 60/60 MP: 10/10
  9831 | D:9      | Reached skill level 5 in Shields
  9833 | D:9      | Slain by a kobold brigand
                  | ... wielding a +0 short sword
                  | (7 damage)
  9841 | D:9      | HP: 2/61 [yak (2)]
  9841 | D:9      | Mangled by a yak (8 damage)
  9846 | D:9      | Reached skill level 8 in Axes
  9859 | D:9      | Mangled by a yak (12 damage)
  9886 | D:9      | HP: 3/61 [poisoned by a killer bee]
  9887 | D:9      | Succumbed to a killer bee's poison
 10092 | D:9      | Found Peula's Antique Armour Shop.
 10105 | D:9      | Found Ora Kipt's Antique Weapon Emporium.
 10105 | D:9      | Noticed a cyclops
 10117 | D:9      | Killed a cyclops
 10118 | D:9      | Noticed Amaemon
 10121 | D:9      | Noticed an orange demon
 10126 | D:9      | HP: 1/61 [poisoned by orange demon (concentrated venom)]
 10126 | D:9      | Mangled by Amaemon
                  | ... wielding a +1 demon whip of venom
                  | (12 damage)
 10131 | D:9      | Succumbed to a scorpion's poison
 10133 | D:9      | Asphyxiated
 10135 | D:9      | Succumbed to Amaemon's poison
 10136 | D:9      | Killed an orange demon
 10137 | D:9      | Reached skill level 9 in Axes
 10137 | D:9      | Reached XP level 11. HP: 33/67 MP: 11/11
 10138 | D:9      | HP: 2/67 [poisoned by Amaemon]
 10139 | D:9      | Succumbed to Amaemon's poison
 10144 | D:9      | Slain by Amaemon
                  | ... wielding a +1 demon whip of venom
                  | (14 damage)
 10148 | D:9      | Succumbed to Amaemon's poison
 10151 | D:9      | Succumbed to Amaemon's poison
 10154 | D:9      | HP: 3/67 [scorpion[Amaemon] (1)]
 10154 | D:9      | Slain by Amaemon
                  | ... wielding a +1 demon whip of venom
                  | (4 damage)
 10155 | D:9      | Killed Amaemon
 10160 | D:9      | HP: 2/67 [poisoned by a killer bee]
 10161 | D:9      | Succumbed to a killer bee's poison
 10391 | D:9      | Found a shimmering altar of Xom.
 10392 | D:9      | Found a shimmering altar of Xom.
 10394 | D:9      | Found a shimmering altar of Xom.
 10394 | D:9      | Found a shimmering altar of Xom.
 10395 | D:9      | Found a shimmering altar of Xom.
 10397 | D:9      | Found a shimmering altar of Xom.
 10397 | D:9      | Found a shimmering altar of Xom.
 10561 | D:9      | Found a glowing golden altar of the Shining One.
 10561 | D:9      | Found an iron altar of Okawaru.
 10651 | D:9      | Found Kotzen's Weapon Emporium.
 10716 | D:10     | Entered Level 10 of the Dungeon
 10862 | D:10     | Found a staircase to the Lair.
 10875 | D:10     | Killed from afar by a rime drake (12 damage)
                  | ... with an icy flash freeze
 10905 | D:10     | Slain by a polar bear (10 damage)
 11291 | D:10     | Noticed a two-headed ogre
 11299 | D:10     | Killed a two-headed ogre
 11765 | D:10     | Found Fyguodd's General Store.
 11771 | D:10     | Bought a scroll of brand weapon for 152 gold pieces
 12406 | Lair:1   | Entered Level 1 of the Lair of Beasts
 12655 | Lair:1   | Reached skill level 10 in Axes
 12876 | Lair:1   | You are sucked into a shaft and drop 1 floor!
 12958 | Lair:2   | Noticed a harpy
 12959 | Lair:2   | Noticed a harpy
 12960 | Lair:2   | Found a staircase to the Shoals.
 12969 | Lair:2   | Slain by a harpy (9 damage)
 12977 | Lair:2   | Killed a harpy
 12977 | Lair:2   | HP: 3/68 [harpy (5)]
 12978 | Lair:2   | Slain by a harpy (7 damage)
 12979 | Lair:2   | Reached XP level 12. HP: 74/74 MP: 12/12
 13807 | Lair:2   | HP: 1/75 [poisoned by a black mamba]
 13807 | Lair:2   | Mangled by a black mamba (13 damage)
 13917 | Lair:2   | Mangled by a komodo dragon (17 damage)
 14193 | Lair:2   | HP: 3/76 [black mamba (3)]
 14194 | Lair:2   | Succumbed to a black mamba's poison
 15710 | Lair:3   | Reached skill level 11 in Axes
 15960 | Lair:3   | HP: 1/76 [dream sheep (4)]
 15965 | Lair:3   | Slain by a dream sheep (3 damage)
                  | ... while petrified by a basilisk
 15992 | Lair:3   | Reached XP level 13. HP: 42/80 MP: 13/13
 16281 | Lair:3   | Found the +8 trishula "Condemnation" {holy, anguish, *Noise
                  | Fly rN+}
 16289 | Lair:3   | Mangled by a skyshark

Illustrated notes

Levels and vault maps discovered:
D:1:      mainiacjoe_arrival_reflecting_pool, layout_loops_corners,
          minmay_pentomino_q4
D:2:      layout_basic
D:3:      layout_basic, hellmonk_ecumenical_altar_run_dry,
          dreamdust_wishing_well
D:4:      layout_cave_pods, kennysheep_slug_shrine
D:5:      layout_loops_cross, serial_shops, nicolae_shop_rolled_up,
          minmay_shop_mass, uniq_blork_the_orc
D:6:      layout_basic, old_standard_altar, minmay_shop_damaged,
          kennysheep_generic_room_4
D:7:      layout_layer_cave, minmay_temple_entry_poolview
D:8:      layout_loops_corners, enter_ossuary_2
D:9:      layout_cave_pools, xom_redecorated,
          gammafunk_temple_overflow_elements, serial_shops,
          nicolae_lakefront_shop, nicolae_shop_statue_plus, shop, uniq_amaemon
D:10:     layout_loops_corners, hellmonk_lair_entry_icy, serial_glass,
          glass_columns_c, glass_columns_a, glass_columns_b, glass_columns_c,
          glass_columns_b, glass_columns_a, serial_shops, shop
Temple:   minmay_temple_bridge_d
Lair:1:   layout_small_grid, portal_ice_cave_entry_pillars_2
Lair:2:   layout_regular_city, nicolae_shoals_entry_roost, grunt_megastairs_4
Lair:3:   statuecave_lemuel, layout_long_grid, spider_nest_entry_funnel_web,
          special_room [special_room_bee], minmay_hedge_maze

Skill      XL: |  1  2  3  4  5  6  7  8  9 10 11 12 |
---------------+-------------------------------------+-----
Stealth        | 1 2 3 4 |  4.0
Axes           | 2 3 4 5 7 9 10 11 | 11.2
Armour         | 3 4 5 6 7 8 |  8.4
Dodging        | 1 2 3 4 |  4.7
Fighting       | 4 5 6 7 8 9 |  9.5
Shields        | 3 4 5 7 |  7.7

Action                     |  1- 3 |  4- 6 |  7- 9 | 10-12 | 13-15 || total
---------------------------+-------+-------+-------+-------+-------++-------
  Melee: War axe           |    69 |   125 |   381 |   524 |     5 ||  1104
    Use: Scroll            |       |     5 |     6 |     1 |       ||    12
   Stab: Sleeping          |     3 |     4 |     4 |       |       ||    11
         Distracted        |       |       |       |     3 |       ||     3
 Armour: Scale mail        |    33 |   128 |   172 |       |       ||   333
         Plate armour      |       |       |   147 |  1050 |    19 ||  1216
  Dodge: Dodged            |    40 |    90 |   162 |   392 |     8 ||   692
  Block: Buckler           |    20 |    25 |    16 |       |       ||    61
         Kite shield       |       |       |   187 |   554 |    11 ||   752

Table legend: (Time is in decaauts)
 A = Elapsed time spent in this place.
 B = Non-inter-level travel time spent in this place.
 C = Inter-level travel time spent in this place.
 D = Time resting spent in this place.
 E = Time spent auto-exploring this place.
 F = Levels seen in this place.
 G = Mean time per level.
                   A        B        C        D        E       F      G
               +--------+--------+--------+--------+--------+-----+--------+
         Total |  16612 |  16039 |    573 |    102 |  13267 |  14 | 1186.6 |
       Dungeon |  12663 |  12156 |    507 |    102 |   9953 |  10 | 1266.3 |
        Temple |     32 |      2 |     30 |      0 |      0 |   1 |   32.0 |
          Lair |   3915 |   3879 |     36 |      0 |   3314 |   3 | 1305.0 |
               +--------+--------+--------+--------+--------+-----+--------+

Top non-repeatable levels by time:
  Lair:2: 1869 daAuts
     D:7: 1790 daAuts
     D:8: 1785 daAuts
    D:10: 1711 daAuts
     D:6: 1519 daAuts
  Lair:1: 1437 daAuts
     D:1: 1198 daAuts
     D:4: 1117 daAuts
     D:5: 1020 daAuts
     D:9: 952 daAuts
     D:2: 857 daAuts
     D:3: 710 daAuts
  Lair:3: 608 daAuts
  Temple: 32 daAuts
